 Dungeon Crawl Stone Soup version 0.31-a0-202-g547052bce9 (webtiles) character file.

Game seed: 17337880936411439054

60 qw the Shooter (level 3, 0/20 HPs)
             Began as a Deep Elf Hunter on June 26, 2023.
             Slain by an orc
             ... wielding a +0 flail
              (7 damage)
             ... on level 3 of the Dungeon.
             The game lasted 00:00:28 (1760 turns).

qw the Shooter (Deep Elf Hunter)                    Turns: 1760, Time: 00:00:29

Health: 0/20       AC:  5    Str: 10    XL:     3   Next: 80%
Magic:  5/5        EV: 12    Int: 13    God:
Gold:   130        SH:  0    Dex: 18    Spells: 2/2 levels left

rFire   . . .        Y - +1 shortbow
rCold   + . .        (shield currently unavailable)
rNeg    . . .        c - +0 leather armour
rPois   .            (no helmet)
rElec   .            h - +1 cloak
rCorr   .            (no gloves)
SInv    .            (no boots)
Will    .....        (no amulet)
Stlth   ++           d - ring of protection from cold
HPRegen 0.23/turn    (no ring)
MPRegen 0.09/turn

%: no passive effects
@: no status effects
A: no striking features
a: no special abilities


You were on level 3 of the Dungeon.
You visited 1 branch of the dungeon, and saw 3 of its levels.

You collected 130 gold pieces.


   Skills:
 - Level 1.5 Fighting
 + Level 7.3 Ranged Weapons
 - Level 2.4 Dodging
 - Level 1.2 Stealth


You had 2 spell levels left.
You didn't know any spells.
Your spell library was empty.

Inventory:

Hand Weapons
 Y - a +1 shortbow (weapon)
Armour
 c - a +0 leather armour (worn)
 h - a +1 cloak (worn)
Jewellery
 d - a ring of protection from cold (left hand)
Scrolls
 a - a scroll of identify
Potions
 g - 2 potions of heal wounds {unknown}
 i - a potion of curing
 j - a potion of enlightenment

Dungeon Overview and Level Annotations

Branches:
Dungeon (3/15)

Altars:


Message History

You shoot an arrow. The arrow hits the orc.
You kill the orc!
The orc hits you but does no damage. The orc closely misses you.
You shoot an arrow.
The arrow hits the orc but does no damage.
The orc is severely wounded.
The orc hits you but does no damage. x2
You shoot an arrow. The arrow hits the orc.
The orc is almost dead.
The orc barely misses you. The orc hits you but does no damage.
You shoot an arrow. The arrow closely misses the orc.
The orc hits you but does no damage. The orc hits you with a +0 flail.
You shoot an arrow. The arrow barely misses the orc.
An orc priest comes into view. It is wielding a +0 mace.
The orc barely misses you. The orc hits you with a +0 short sword.
You shoot an arrow. The orc priest shouts!
The arrow hits the orc but does no damage.
The orc is almost dead.
The orc barely misses you. x2
You shoot an arrow. The arrow hits the orc!
You kill the orc!
The orc barely misses you.
You shoot an arrow. The arrow hits the orc.
The orc is lightly wounded.
The orc priest looks braver for a moment.
The orc hits you with a +0 flail.
You shoot an arrow. The arrow barely misses the orc.
The orc hits you but does no damage.
You shoot an arrow. The arrow completely misses the orc.
The orc hits you with a +0 flail.
You shoot an arrow. The arrow hits the orc.
The orc is almost dead.
The orc priest looks braver for a moment.
The orc hits you with a +0 flail.
You shoot an arrow. The arrow completely misses the orc.
The orc hits you with a +0 flail.
You shoot an arrow. The arrow barely misses the orc.
The orc hits you with a +0 flail!
You die...

#.......#.#
#....#....#.#
.#######...#.#
...........#.#
.#########.#.#
..........#..
####.##.###
..###.#..###...
......o@.<.....
##..?.o).....##
#..#......###
#. #...##.# #
#.### .# #. .#
#. ..


You could see an orc priest and an orc.

Vanquished Creatures
  2 adders (D:2)
  4 dart slugs
  2 orcs (D:3)
  3 ball pythons (D:1)
  An endoplasm (D:1)
  2 goblins (D:1)
  2 hobgoblins (D:1)
  3 jackals (D:2)
  3 kobolds
  3 quokkas
  2 bats
  3 rats (D:1)
30 creatures vanquished.

Notes
Turn   | Place    | Note
-------+----------+-------------------------------------------
     0 | D:1      | qw the Deep Elf Hunter began the quest for the Orb.
     0 | D:1      | Reached XP level 1. HP: 12/12 MP: 3/3
     0 | D:1      | 0 ||| qw: Version: 0.3-a-22-g0ed2b0b
     0 | D:1      | 0 ||| qw: Game counter: 6080
     0 | D:1      | 0 ||| qw: Melee chars always use a shield: true
     0 | D:1      | 0 ||| qw: God list: Okawaru
     0 | D:1      | 0 ||| qw: Allow faded altars: false
     0 | D:1      | 0 ||| qw: Do Orc after clearing Dungeon:15 true
     0 | D:1      | 0 ||| qw: Do second Lair branch before Depths: true
     0 | D:1      | 0 ||| qw: Lair rune preference: random
     0 | D:1      | 0 ||| qw: Goals: Normal
     0 | D:1      | 0 ||| PLANNING D:1-11
    93 | D:1      | Reached skill level 6 in Ranged Weapons
    93 | D:1      | Reached XP level 2. HP: 16/16 MP: 4/4
  1037 | D:1      | 1037 ||| READING 3 scrolls labelled VILASHRARGHE.
  1038 | D:1      | 1038 ||| READING scroll labelled LUFEMP ZOETELI.
  1039 | D:1      | 1039 ||| READING 2 scrolls of identify.
  1039 | D:1      | 1039 ||| IDENTIFYING orange potion
  1040 | D:1      | 1040 ||| DROPPING scroll of butterflies.
  1041 | D:1      | 1041 ||| DROPPING potion of attraction.
  1166 | D:2      | Reached XP level 3. HP: 20/20 MP: 5/5
  1454 | D:2      | Reached skill level 7 in Ranged Weapons
  1603 | D:2      | 1603 ||| UPGRADING to +1 cloak.
  1608 | D:2      | 1608 ||| UPGRADING to ring of protection from cold.
  1609 | D:2      | 1609 ||| DROPPING +6 ring of intelligence.
  1610 | D:2      | 1610 ||| READING scroll labelled QUWESE KOTWIO.
  1611 | D:2      | 1611 ||| READING scroll labelled KOAN JAPAROU.
  1612 | D:2      | 1612 ||| READING scroll labelled DIS HUYGYAKLE.
  1613 | D:2      | 1613 ||| DRINKING 2 puce potions.
  1614 | D:2      | 1614 ||| DRINKING 2 brown potions.
  1633 | D:3      | 1633 ||| STAIRDANCE
  1760 | D:3      | Slain by an orc

Levels and vault maps discovered:
D:1:      dpeg_arrival_short_road, layout_basic, serial_forest,
          infiniplex_forest_straight_3, infiniplex_forest_lined_ring,
          infiniplex_forest_end_2, infiniplex_forest_clump_long,
          infiniplex_forest_split, infiniplex_forest_lined_corner,
          minmay_split_cup_small
D:2:      layout_loops_ring
D:3:      layout_basic, gammafunk_ghost_nasty_kobolds, st_stairs_6,
          minmay_randomly_rotated_circles

Skill      XL: |  1  2  3 |
---------------+----------+-----
Ranged Weapons | 6 7 |  7.3
Fighting       | |  1.5
Dodging        | |  2.4
Stealth        | |  1.2

Action                     || total
---------------------------++-------
   Fire: Shortbow          ||    84
    Use: Scroll            ||     6
         Potion            ||     2
 Armour: Leather armour    ||     9
  Dodge: Dodged            ||    20

Table legend:
 A = Non-vault XP
 B = Vault XP
 C = Vault XP percentage of total XP
 D = Non-vault monster count
 E = Vault monster count
 F = Vault count percentage of total count
                 A         B        C        D         E       F
            +---------+---------+-------+---------+---------+-------
      Total |      80 |       6 |   7.0 |      27 |       3 |  10.0
            +---------+---------+-------+---------+---------+-------
        D:1 |      28 |       6 |  17.6 |      15 |       3 |  16.7
        D:2 |      46 |       0 |   0.0 |      10 |       0 |   0.0
        D:3 |       6 |       0 |   0.0 |       2 |       0 |   0.0
            +---------+---------+-------+---------+---------+-------
